 Dungeon Sprint DCSS version 0.19.1 (webtiles) character file.

4517 XO4YCPATb the Bludgeoner (level 10, -1/73 HPs)
             Began as a Gargoyle Berserker on Nov 30, 2016.
             Was the Champion of Trog.
             Slain by an eight-headed hydra (2 damage)
             ... in the Dungeon (Sprint IX: "|||||||||||||||||||||||||||||").
             The game lasted 00:02:41 (739 turns).

XO4YCPATb the Bludgeoner (Gargoyle Berserker)        Turns: 739, Time: 00:02:42

Health: -1/73      AC: 31    Str: 23    XL:     10   Next: 39%
Magic:  10/10      EV: 10    Int:  9    God:    Trog [******]
Gold:   0          SH:  0    Dex: 12    Spells: 0 memorised, 9 levels left

rFire  . . .     SeeInvis .     n - +2 morningstar (protect)
rCold  . . .     Gourm    .     o - +1 chain mail
rNeg   + . .     Faith    .     (no shield)
rPois  ∞         Spirit   .     (no helmet)
rElec  +         Reflect  .     a - +0 cloak
rCorr  .         Harm     .     (no gloves)
MR     .....     NoTele   +     (no boots)
Stlth  ..........               (no amulet)
                                q - +3 ring of dexterity
                                p - +2 ring of protection

@: exhausted, protection aura, slowed, very slow
A: negative energy resistance 1, electricity resistance, unbreathing,
petrification resistance, rot immunity, AC +7
a: Berserk, Trog's Hand, Brothers in Arms, Burn Spellbooks, Renounce Religion


You were in the Dungeon.
You worshipped Trog.
Trog was exalted by your worship.
You were near starving.

You visited 1 branch

Inventory:

Hand Weapons
 n - a +2 morningstar of protection (weapon)
 u - a +1 antimagic morningstar
Armour
 a - a +0 cloak (worn)
 o - a +1 chain mail (worn)
Jewellery
 p - a +2 ring of protection (left hand)
 q - a +3 ring of dexterity (right hand)
Wands
 m - a wand of lightning (7/15)
Scrolls
 i - 2 scrolls of blinking
 l - 4 scrolls of remove curse
 r - 2 scrolls of recharging
 s - a scroll of fog
 t - a scroll of fear
Potions
 d - 6 potions of curing
 e - 5 potions of heal wounds
 f - 2 potions of haste
 g - 4 potions of magic
 h - a potion of berserk rage
 j - 2 potions of brilliance
 k - a potion of invisibility
Comestibles
 b - 3 chunks of flesh
 c - a bread ration


   Skills:
 + Level 13.1 Fighting
 * Level 16.1 Maces & Flails
 + Level 12.8 Armour
 - Level 4.3 Dodging


You had 9 spell levels left.
You didn't know any spells.

Dungeon Overview and Level Annotations

Branches:
Dungeon (1/1)

Altars:
Cheibriados
Dithmenos
Elyvilon
Fedhas
Gozag
Hepliaklqana
Kikubaaqudgha
Makhleb
Nemelex Xobeh
Okawaru
Qazlal
Ru
Sif Muna
Trog
Uskayaw
Vehumet
Xom
Yredelemnul
Zin
The Shining One
Beogh
Jiyva
Lugonu


Innate Abilities, Weirdness & Mutations

You are resistant to torment.
Your stone body is resilient. (AC +7)
You are immune to poison.
You resist negative energy. (rN+)
You are resistant to electric shocks. (rElec)
You can survive without breathing.
You are immune to petrification.
You are immune to rotting.


Message History

The eight-headed hydra closely misses you.
The eight-headed hydra bites you but does no damage.
The eight-headed hydra bites you.
* * * LOW HITPOINT WARNING * * *
The eight-headed hydra bites you but does no damage. x2
You are too injured to fight recklessly!
Unknown command.
You puncture the eight-headed hydra!
The eight-headed hydra is heavily wounded.
The eight-headed hydra bites you but does no damage. x2
The eight-headed hydra bites you!
* * * LOW HITPOINT WARNING * * *
The eight-headed hydra bites you!
* * * LOW HITPOINT WARNING * * *
The eight-headed hydra bites you but does no damage.
The eight-headed hydra bites you.
* * * LOW HITPOINT WARNING * * *
The eight-headed hydra barely misses you.
The eight-headed hydra bites you.
You die...

▓_▓.▓.▓
▓_▓.▓.▓
▓_▓.▓.▓
▓_▓.▓.▓
▓_▓.▓.▓
▓_▓.▓.▓
▓_▓.▓.▓
▓_▓.▓.▓
▓_▓.▓@▓
▓_▓.▓D▓
▓_▓.▓F▓
▓_▓.▓†▓
▓_▓.▓.▓
▓_▓.▓.▓
▓_▓.▓.▓
▓_▓.▓.▓
▓_▓.▓.▓


You could see an eight-headed hydra and a bullfrog.

Vanquished Creatures
  A hydra (D)
  A hill giant (D)
  An elephant (D)
  A gargoyle (D)
  3 spiny frogs (D)
  A troll (D)
  2 komodo dragons (D)
  2 water moccasins (D)
  A porcupine (D)
  A sky beast (D)
  A black bear (D)
  A wolf (D)
  2 ogres (D)
  2 crocodiles (D)
  3 bullfrogs (D)
  A scorpion (D)
  A worker ant (D)
  2 shadow imps (D)
  A leopard gecko (D)
  2 ball pythons (D)
  A bat (D)
  A bat zombie (D)
  2 hobgoblins (D)
  2 quokkas (D)
  A frilled lizard (D)
  A leopard gecko skeleton (D)
38 creatures vanquished.

Notes
Turn   | Place    | Note
-------+----------+-------------------------------------------
     0 | D        | XO4YCPATb the Gargoyle Berserker began the quest for the Orb.
     0 | D        | Reached XP level 1. HP: 14/14 MP: 1/1
    18 | D        | Reached ** piety under Trog
    21 | D        | Reached XP level 2. HP: 20/20 MP: 2/2
    68 | D        | Noticed a sky beast
    68 | D        | Noticed an ogre
    73 | D        | Reached skill level 4 in Maces & Flails
    84 | D        | Killed a sky beast
    84 | D        | Reached *** piety under Trog
    84 | D        | Reached skill level 5 in Fighting
    84 | D        | Reached skill level 6 in Maces & Flails
    84 | D        | Reached XP level 3. HP: 26/26 MP: 3/3
    84 | D        | Reached XP level 4. HP: 31/31 MP: 4/4
    89 | D        | Killed an ogre
    89 | D        | Reached skill level 7 in Maces & Flails
    89 | D        | Reached skill level 5 in Armour
    89 | D        | Reached XP level 5. HP: 8/36 MP: 5/5
   103 | D        | Found a roughly hewn altar of Beogh.
   103 | D        | Found a snail-covered altar of Cheibriados.
   103 | D        | Found a shadowy altar of Dithmenos.
   103 | D        | Found a white marble altar of Elyvilon.
   103 | D        | Found a blossoming altar of Fedhas.
   103 | D        | Found an opulent altar of Gozag.
   104 | D        | Found a hazy altar of Hepliaklqana.
   105 | D        | Found a viscous altar of Jiyva.
   106 | D        | Found an ancient bone altar of Kikubaaqudgha.
   107 | D        | Found a corrupted altar of Lugonu.
   108 | D        | Found a burning altar of Makhleb.
   109 | D        | Found a sparkling altar of Nemelex Xobeh.
   110 | D        | Found an iron altar of Okawaru.
   111 | D        | Found a stormy altar of Qazlal.
   112 | D        | Found a sacrificial altar of Ru.
   113 | D        | Found a deep blue altar of Sif Muna.
   114 | D        | Found a bloodstained altar of Trog.
   115 | D        | Found a hide-covered altar of Uskayaw.
   116 | D        | Found a radiant altar of Vehumet.
   117 | D        | Found a shimmering altar of Xom.
   118 | D        | Found a basalt altar of Yredelemnul.
   119 | D        | Found a glowing silver altar of Zin.
   120 | D        | Found a glowing golden altar of the Shining One.
   348 | D        | Noticed a hill giant
   348 | D        | Noticed an ogre
   354 | D        | Killed a hill giant
   354 | D        | Reached **** piety under Trog
   354 | D        | Reached skill level 10 in Maces & Flails
   354 | D        | Reached XP level 6. HP: 45/45 MP: 6/6
   354 | D        | Reached XP level 7. HP: 50/50 MP: 7/7
   361 | D        | Reached ***** piety under Trog
   361 | D        | Reached skill level 11 in Maces & Flails
   419 | D        | Noticed a gargoyle
   419 | D        | Noticed a troll
   441 | D        | Killed a gargoyle
   441 | D        | Received a gift from Trog
   441 | D        | Reached skill level 10 in Fighting
   441 | D        | Reached skill level 12 in Maces & Flails
   441 | D        | Reached XP level 8. HP: 57/57 MP: 8/8
   450 | D        | Killed a troll
   450 | D        | Reached skill level 10 in Armour
   595 | D        | Noticed a komodo dragon
   595 | D        | Noticed a komodo dragon
   595 | D        | Noticed a spiny frog
   603 | D        | Killed a komodo dragon
   603 | D        | Reached skill level 13 in Maces & Flails
   613 | D        | Killed a komodo dragon
   613 | D        | Reached XP level 9. HP: 64/64 MP: 9/9
   622 | D        | Reached skill level 14 in Maces & Flails
   630 | D        | Killed a spiny frog
   639 | D        | Received a gift from Trog
   639 | D        | Reached ****** piety under Trog
   696 | D        | Noticed a spiny frog
   696 | D        | Noticed a six-headed hydra
   696 | D        | Noticed a spiny frog
   705 | D        | Noticed an elephant
   706 | D        | Killed a six-headed hydra
   706 | D        | Reached skill level 15 in Maces & Flails
   706 | D        | Reached XP level 10. HP: 72/72 MP: 10/10
   707 | D        | Noticed an eight-headed hydra
   715 | D        | Killed a spiny frog
   719 | D        | Killed a spiny frog
   732 | D        | Killed an elephant
   732 | D        | Reached skill level 16 in Maces & Flails
   739 | D        | HP: 3/73 [eight-headed hydra (10)]
   739 | D        | HP: 1/73 [eight-headed hydra (2)]
   739 | D        | Slain by an eight-headed hydra

Skill      XL: |  1  2  3  4  5  6  7  8  9 10 |
---------------+-------------------------------+-----
Dodging        | 2 3 4 |  4.3
Maces & Flails | 6 7 10 12 13 15 16 | 16.1
Fighting       | 5 6 8 10 11 12 13 | 13.1
Armour         | 4 5 8 9 10 12 | 12.8

Action                   |  1- 3 |  4- 6 |  7- 9 | 10-12 || total
-------------------------+-------+-------+-------+-------++-------
Melee: Mace              |    31 |     8 |       |       ||    39
       Morningstar       |       |     5 |    90 |    30 ||   125
Invok: Berserk           |     2 |     1 |     3 |       ||     6
       Trog's Hand       |       |       |     3 |       ||     3
  Eat: Chunk             |       |       |     5 |       ||     5
Armor: Animal skin       |     6 |       |       |       ||     6
       Chain mail        |       |     2 |    46 |    35 ||    83
Dodge: Dodged            |    26 |     3 |    30 |    22 ||    81
